WCHLSIM.com - West Coast Hockey League
html PUBLIC "-//W3C//DTD XHTML 1.0 Transitional//EN" "http://www.w3.org/TR/xhtml1/DTD/xhtml1-transitional.dtd"> WCHL - Game 498 - PORTLAND PIRATES vs LOS ANGELES SEALS

PORTLAND PIRATES vs LOS ANGELES SEALS

Created - 22 janvier 2021 at 21:34

Goals
1 2 3 T
PORTLAND PIRATES 0 2 2 4
LOS ANGELES SEALS 1 2 0 3
Shots
1 2 3 T
PORTLAND PIRATES 7 17 16 40
LOS ANGELES SEALS 13 7 6 26

1st period

1. LOS ANGELES SEALS , Max Domi 8 (Adam Lowry 3, Tyler Johnson 9) at 8:02

Penalties :
Rasmus Ristolainen (POR) for Hooking (Minor) at 18:26

2nd period

2. LOS ANGELES SEALS , Bo Horvat 15 (Marcus Pettersson 6, Carter Hutton) at 0:14 (PP)
3. LOS ANGELES SEALS , Max Domi 9 (Shayne Gostisbehere 3, Adam Boqvist 5) at 0:32
4. PORTLAND PIRATES , Jonathan Toews 15 (Gabriel Landeskog 21) at 3:23
5. PORTLAND PIRATES , Brett Connolly 6 (Rickard Rakell 14, Pavel Zacha 9) at 9:10

Penalties :
Adam Lowry (LOS) for Hooking (Minor) at 0:54, Nate Prosser (LOS) for Roughing (Minor) at 14:50

3rd period

6. PORTLAND PIRATES , Gabriel Landeskog 12 (Jonathan Toews 22) at 3:18
7. PORTLAND PIRATES , Gabriel Landeskog 13 (Jonathan Toews 23) at 9:46

Penalties :
Patrick Maroon (LOS) for Hooking (Minor) at 0:05, Rasmus Ristolainen (POR) for Holding (Minor) at 3:21, Shayne Gostisbehere (LOS) for Boarding (Minor) at 6:58, Marcus Pettersson (LOS) for Cross-checking (Minor) at 18:59

Goalie Stats

Chris Driedger (POR), 23 saves from 26 shots - (0,885), W, 8-3-0, 60:00 minutes
Carter Hutton (LOS), 36 saves from 40 shots - (0,900), L, 3-14-1, 60:00 minutes

Players Stats for PORTLAND PIRATES

Player Name              G  A  P  +/- PIM S  H  SB GA TA FO     MP     PP MP  PK MP  
------------------------------------------------------------------------------------
Adam Erne                0  0  0   0  0   0  1  0  0  0  0/0     5:16   0:00   1:10 
Alec Martinez            0  0  0  -1  0   0  1  2  0  0  0/0    17:37   0:00   1:47 
Brett Connolly           1  0  1   0  0   6  0  0  0  0  0/0    20:09   4:29   0:00 
Brett Pesce              0  0  0   1  0   0  0  2  0  0  0/0    16:47   0:00   1:47 
Brian Dumoulin           0  0  0   2  0   1  0  1  0  0  0/0    16:58   0:00   1:26 
Carter Bancks            0  0  0   0  0   0  0  0  0  0  0/0     0:00   0:00   0:00 
Chandler Stephenson      0  0  0   0  0   3  0  0  0  0  8/15   13:52   0:00   2:24 
Gabriel Landeskog        2  1  3   2  0   7  1  0  0  0  1/1    21:00   4:57   0:00 
Jason Dickinson          0  0  0   0  0   0  0  0  0  0  5/7     6:43   0:00   2:37 
Jonathan Toews           1  2  3   2  0   7  0  1  0  0  17/25  21:00   4:57   0:00 
Pavel Zacha              0  1  1   0  0   3  0  0  0  0  12/23  20:04   3:59   0:25 
Rasmus Ristolainen       0  0  0   1  4   0  0  1  0  0  0/0    20:20   4:27   0:00 
Rickard Rakell           0  1  1   0  0   6  2  0  0  0  1/2    20:37   3:59   0:58 
Robert Thomas            0  0  0   2  0   3  0  0  0  0  0/1    21:00   4:57   0:00 
Ryan Donato              0  0  0   0  0   1  1  0  0  0  0/2    20:01   4:27   0:00 
Thomas Chabot            0  0  0  -1  0   0  1  3  0  0  0/0    23:14   4:29   2:00 
Trevor Daley             0  0  0   2  0   0  0  1  0  0  0/0    16:06   0:00   0:34 
Yanni Gourde             0  0  0   0  0   3  3  0  0  0  2/2    15:27   3:59   0:00 

Players Stats for LOS ANGELES SEALS

Player Name              G  A  P  +/- PIM S  H  SB GA TA FO     MP     PP MP  PK MP  
------------------------------------------------------------------------------------
Adam Boqvist             0  1  1   0  0   0  2  0  0  0  0/0    15:13   0:16   0:16 
Adam Gaudette            0  0  0  -1  0   0  0  0  0  0  1/4    10:38   0:00   1:12 
Adam Lowry               0  1  1   2  2   4  0  0  0  0  1/2    13:21   0:00   0:00 
Austin Watson            0  0  0  -2  0   1  1  0  0  0  0/0    10:03   0:00   0:00 
Bo Horvat                1  0  1  -1  0   2  0  0  0  0  6/10   10:39   0:51   0:00 
Emil Bemstrom            0  0  0  -2  0   0  0  0  0  0  1/1    10:03   0:00   0:00 
Jeff Carter              0  0  0  -2  0   1  0  0  0  0  3/4    17:35   2:20   0:00 
Jonathan Ericsson        0  0  0  -1  0   0  1  2  0  0  0/0    16:29   0:00   1:21 
Kevin Rooney             0  0  0  -2  0   2  0  1  0  0  6/13   10:03   0:00   0:00 
Marcus Johansson         0  0  0  -2  0   4  0  0  0  0  0/0    15:51   0:36   0:00 
Marcus Pettersson        0  1  1  -1  2   0  1  5  0  0  0/0    22:52   1:27   4:14 
Max Domi                 2  0  2   2  0   6  1  1  0  0  5/14   20:01   2:20   4:03 
Nate Prosser             0  0  0  -1  2   0  3  0  0  0  0/0    21:09   2:04   3:42 
Patrick Maroon           0  0  0   0  2   2  1  0  0  0  5/11   16:46   1:27   2:37 
Ryan Murray              0  0  0  -1  0   1  1  1  0  0  0/0    23:43   1:27   5:04 
Shayne Gostisbehere      0  1  1   0  2   0  1  2  0  0  0/0    20:31   2:20   3:15 
Tyler Johnson            0  1  1   2  0   3  0  0  0  0  3/10   20:49   2:20   5:07 
Zack Smith               0  0  0   0  0   0  1  1  0  0  1/9    15:13   1:27   4:53 

3 Stars

1 - Gabriel Landeskog (POR)
2 - Jonathan Toews (POR)
3 - Max Domi (LOS)

Power Play

PORTLAND PIRATES - 0 on 5 Attempt(s) - 0,00%
LOS ANGELES SEALS - 1 on 2 Attempt(s) - 50,00%

Penalty Kill

PORTLAND PIRATES - 1 on 2 Attempt(s) - 50,00% - Score 0 goal in Penalty Kill
LOS ANGELES SEALS - 5 on 5 Attempt(s) - 100,00% - Score 0 goal in Penalty Kill

Team Stat

PORTLAND PIRATES - Hits : 10 - Faceoff Wins : 46 - Blocked Shots : 11 - Penalty Minutes : 4
LOS ANGELES SEALS - Hits : 13 - Faceoff Wins : 32 - Blocked Shots : 13 - Penalty Minutes : 10

Official

Referees : Conor O'Donnell and Kelly Sutherland
Linesman : Kelsey Mahoney and Kyle Larson

Game Notes

Bo Horvat is injured at 13:40 of 2nd period (Abdominal Strain)

Finance

Level 1 -- Attendance: 6000 (100,00%) -- Ticket Income 900 000 $
Level 2 -- Attendance: 5000 (100,00%) -- Ticket Income 495 000 $
Level 3 -- Attendance: 1814 (90,70%) -- Ticket Income 152 376 $
Level 4 -- Attendance: 3070 (76,75%) -- Ticket Income 245 600 $
Luxury Box -- Attendance: 900 (90,00%) -- Ticket Income 270 000 $
Total Attendance: 16784 (93,24%)
Total Ticket Income: 2 062 976 $
Other Expense: 20 630 $
Total Income: 2 042 346 $

PORTLAND PIRATES

5 vs 5 Forward 
   Center                   Left Wing                Right Wing               Time % Phy DF OF 
 1 Jonathan Toews           Gabriel Landeskog        Robert Thomas            32     0   1  4  
 2 Pavel Zacha              Rickard Rakell           Brett Connolly           30     0   2  3  
 3 Chandler Stephenson      Ryan Donato              Yanni Gourde             30     0   2  3  
 4 Jason Dickinson          Ryan Donato              Adam Erne                8      1   2  2  

5 vs 5 Defense 
   Defense                  Defense                                           Time % Phy DF OF 
 1 Brett Pesce              Rasmus Ristolainen                                33     0   4  1  
 2 Alec Martinez            Thomas Chabot                                     33     0   4  1  
 3 Brian Dumoulin           Trevor Daley                                      28     0   4  1  
 4 Thomas Chabot            Rasmus Ristolainen                                6      0   3  2  

PowerPlay Forward 
   Center                   Left Wing                Right Wing               Time % Phy DF OF 
 1 Jonathan Toews           Gabriel Landeskog        Robert Thomas            60     0   1  4  
 2 Pavel Zacha              Rickard Rakell           Yanni Gourde             40     0   1  4  

PowerPlay Defense
   Defense                  Defense                                           Time % Phy DF OF 
 1 Thomas Chabot            Brett Connolly                                    60     0   1  4  
 2 Rasmus Ristolainen       Ryan Donato                                       40     0   1  4  

Penalty Kill 4 Players Forward 
   Center                   Wing                     Time % Phy DF OF 
 1 Jason Dickinson          Chandler Stephenson      60     0   5  0  
 2 Rickard Rakell           Adam Erne                40     0   5  0  

Penalty Kill 4 Players Defense
   Defense                  Defense                  Time % Phy DF OF 
 1 Brett Pesce              Alec Martinez            60     0   5  0  
 2 Rasmus Ristolainen       Thomas Chabot            40     0   5  0  

Penalty Kill - 3 Players Forward 
   Forward                                           Time % Phy DF OF 
 1 Jason Dickinson                                   60     0   5  0  
 2 Chandler Stephenson                               40     0   5  0  

Penalty Kill - 3 Players Defense
   Defense                  Defense                  Time % Phy DF OF 
 1 Brett Pesce              Alec Martinez            60     0   5  0  
 2 Rasmus Ristolainen       Thomas Chabot            40     0   5  0  

4 vs 4 Forward 
   Center                   Wing                     Time % Phy DF OF 
 1 Jonathan Toews           Gabriel Landeskog        60     0   2  3  
 2 Pavel Zacha              Yanni Gourde             40     0   2  3  

4 vs 4 Defense
   Defense                  Defense                  Time % Phy DF OF 
 1 Thomas Chabot            Rasmus Ristolainen       60     0   2  3  
 2 Alec Martinez            Brett Pesce              40     0   3  2  

Last Minutes Offensive
   Center                   Left Wing                Right Wing               Defense                  Defense                  
   Jonathan Toews           Gabriel Landeskog        Rickard Rakell           Thomas Chabot            Rasmus Ristolainen       

Last Minutes Defensive
   Center                   Left Wing                Right Wing               Defense                  Defense                  
   Jason Dickinson          Chandler Stephenson      Rickard Rakell           Brett Pesce              Alec Martinez            

Goaltenders
Starting : Chris Driedger           
Backup : Ben Bishop               

Extra Forwards
Normal : Brett Connolly, Ryan Donato, Adam Erne - PP : Chandler Stephenson, Jason Dickinson - PK : Pavel Zacha
Extra Defensemen
Normal : Thomas Chabot, Alec Martinez, Brian Dumoulin - PP : Brian Dumoulin - PK : Brian Dumoulin, Thomas Chabot
Penalty Shots
Jonathan Toews, Gabriel Landeskog, Rickard Rakell, Robert Thomas, Jason Dickinson
Custom OT Lines Forwards
Jonathan Toews, Gabriel Landeskog, Rickard Rakell, Pavel Zacha, Yanni Gourde, Brett Connolly, Chandler Stephenson, Robert Thomas, Jason Dickinson, Ryan Donato
Custom OT Lines Defensemen
Thomas Chabot, Rasmus Ristolainen, Brett Pesce, Alec Martinez, Brian Dumoulin

Scratches
Travis Hamonic (Sprained Left Ankle Injury), Travis Konecny (Sprained Right Knee Injury)

LOS ANGELES SEALS

5 vs 5 Forward 
   Center                   Left Wing                Right Wing               Time % Phy DF OF 
 1 Bo Horvat                Marcus Johansson         Jeff Carter              36     1   2  2  
 2 Max Domi                 Tyler Johnson            Adam Lowry               31     1   2  2  
 3 Zack Smith               Patrick Maroon           Adam Gaudette            23     1   2  2  
 4 Kevin Rooney             Austin Watson            Emil Bemstrom            10     1   2  2  

5 vs 5 Defense 
   Defense                  Defense                                           Time % Phy DF OF 
 1 Ryan Murray              Marcus Pettersson                                 36     1   2  2  
 2 Adam Boqvist             Shayne Gostisbehere                               31     1   2  2  
 3 Nate Prosser             Jonathan Ericsson                                 23     1   2  2  
 4 Ryan Murray              Marcus Pettersson                                 10     1   2  2  

PowerPlay Forward 
   Center                   Left Wing                Right Wing               Time % Phy DF OF 
 1 Patrick Maroon           Bo Horvat                Zack Smith               55     1   2  2  
 2 Max Domi                 Tyler Johnson            Jeff Carter              45     1   2  2  

PowerPlay Defense
   Defense                  Defense                                           Time % Phy DF OF 
 1 Ryan Murray              Marcus Pettersson                                 55     1   2  2  
 2 Nate Prosser             Shayne Gostisbehere                               45     1   2  2  

Penalty Kill 4 Players Forward 
   Center                   Wing                     Time % Phy DF OF 
 1 Tyler Johnson            Zack Smith               55     1   2  2  
 2 Patrick Maroon           Max Domi                 45     1   2  2  

Penalty Kill 4 Players Defense
   Defense                  Defense                  Time % Phy DF OF 
 1 Ryan Murray              Marcus Pettersson        55     1   2  2  
 2 Nate Prosser             Shayne Gostisbehere      45     1   2  2  

Penalty Kill - 3 Players Forward 
   Forward                                           Time % Phy DF OF 
 1 Max Domi                                          55     1   2  2  
 2 Patrick Maroon                                    45     1   2  2  

Penalty Kill - 3 Players Defense
   Defense                  Defense                  Time % Phy DF OF 
 1 Ryan Murray              Marcus Pettersson        55     1   2  2  
 2 Nate Prosser             Shayne Gostisbehere      45     1   2  2  

4 vs 4 Forward 
   Center                   Wing                     Time % Phy DF OF 
 1 Patrick Maroon           Zack Smith               55     1   2  2  
 2 Tyler Johnson            Max Domi                 45     1   2  2  

4 vs 4 Defense
   Defense                  Defense                  Time % Phy DF OF 
 1 Ryan Murray              Marcus Pettersson        55     1   2  2  
 2 Nate Prosser             Shayne Gostisbehere      45     1   2  2  

Last Minutes Offensive
   Center                   Left Wing                Right Wing               Defense                  Defense                  
   Bo Horvat                Marcus Johansson         Jeff Carter              Ryan Murray              Marcus Pettersson        

Last Minutes Defensive
   Center                   Left Wing                Right Wing               Defense                  Defense                  
   Bo Horvat                Marcus Johansson         Jeff Carter              Ryan Murray              Marcus Pettersson        

Goaltenders
Starting : Carter Hutton            
Backup : Casey DeSmith            

Extra Forwards
Normal : Patrick Maroon, Zack Smith, Max Domi - PP : Patrick Maroon, Zack Smith - PK : Max Domi
Extra Defensemen
Normal : Nate Prosser, Marcus Pettersson, Shayne Gostisbehere - PP : Nate Prosser - PK : Nate Prosser, Marcus Pettersson
Penalty Shots
Zack Smith, Marcus Johansson, Patrick Maroon, Max Domi, Tyler Johnson
Custom OT Lines Forwards
Bo Horvat, Marcus Johansson, Jeff Carter, Max Domi, Tyler Johnson, Patrick Maroon, Zack Smith, Adam Lowry, Kevin Rooney, Adam Gaudette
Custom OT Lines Defensemen
Jonathan Ericsson, Marcus Pettersson, Adam Boqvist, Shayne Gostisbehere, Nate Prosser

Scratches
Antti Suomela (Healthy), Chris Conner (Healthy), Lukas Radil (Healthy), Frank Corrado (Healthy), Turner Elson (Healthy)

% Time on Ice - PORTLAND PIRATES

Lines # - Real PCT - Wanted PCT - Time Play
Normal Forward
1 - 34% - 32% - 16:03
2 - 33% - 30% - 15:40
3 - 24% - 30% - 11:28
4 - 9% - 8% - 4:06
Normal Defense
1 - 32% - 33% - 15:00
2 - 33% - 33% - 15:50
3 - 33% - 28% - 15:32
4 - 2% - 6% - 0:55
PP Forward
1 - 55% - 60% - 4:57
2 - 45% - 40% - 3:59
PP Defense
1 - 50% - 60% - 4:29
2 - 50% - 40% - 4:27
PK Forward
1 - 74% - 60% - 2:49
2 - 26% - 40% - 0:58
PK Defense
1 - 47% - 60% - 1:47
2 - 53% - 40% - 2:00
PK3 Forward
1 - 0% - 60%
2 - 0% - 40%
PK3 Defense
1 - 0% - 60%
2 - 0% - 40%
44 Forward
1 - 0% - 60%
2 - 0% - 40%
44 Defense
1 - 0% - 60%
2 - 0% - 40%
Last Minute Offensive  - 0:00
Last Minute Defensive  - 0:00
Total
Forward - 60:00
Defense - 60:00

% Time on Ice - LOS ANGELES SEALS

Lines # - Real PCT - Wanted PCT - Time Play
Normal Forward
1 - 32% - 36% - 15:15
2 - 28% - 31% - 13:22
3 - 18% - 23% - 8:37
4 - 21% - 10% - 10:03
Normal Defense
1 - 33% - 36% - 15:35
2 - 31% - 31% - 14:41
3 - 33% - 23% - 15:24
4 - 3% - 10% - 1:37
PP Forward
1 - 38% - 55% - 1:27
2 - 62% - 45% - 2:20
PP Defense
1 - 38% - 55% - 1:27
2 - 62% - 45% - 2:20
PK Forward
1 - 64% - 55% - 5:41
2 - 36% - 45% - 3:15
PK Defense
1 - 57% - 55% - 5:04
2 - 43% - 45% - 3:52
PK3 Forward
1 - 0% - 55%
2 - 0% - 45%
PK3 Defense
1 - 0% - 55%
2 - 0% - 45%
44 Forward
1 - 0% - 55%
2 - 0% - 45%
44 Defense
1 - 0% - 55%
2 - 0% - 45%
Last Minute Offensive  - 0:00
Last Minute Defensive  - 0:00
Total
Forward - 60:00
Defense - 60:00

Play-by-Play

1st period


0:01 of 1st period - Jonathan Toews wins face-off versus Bo Horvat in neutral zone.
0:28 of 1st period - Shot by Bo Horvat.
0:28 of 1st period - Shot Blocked by Jonathan Toews.
0:30 of 1st period - Shot by Bo Horvat.
0:30 of 1st period - Shot Blocked by Brett Pesce.
0:38 of 1st period - Shot by Bo Horvat.
0:38 of 1st period - Stopped by Chris Driedger without a rebound.
0:39 of 1st period - Max Domi wins face-off versus Pavel Zacha in PORTLAND PIRATES zone.
0:44 of 1st period - Shot by Tyler Johnson.
0:44 of 1st period - Stopped by Chris Driedger with a rebound.
0:46 of 1st period - Shot by Tyler Johnson.
0:46 of 1st period - Shot Misses the Net.
1:04 of 1st period - Shot by Tyler Johnson.
1:04 of 1st period - Shot Misses the Net.
1:06 of 1st period - Shot by Adam Lowry.
1:06 of 1st period - Stopped by Chris Driedger without a rebound.
1:07 of 1st period - Chandler Stephenson wins face-off versus Zack Smith in PORTLAND PIRATES zone.
1:07 of 1st period - Chandler Stephenson is hit by Zack Smith.
1:21 of 1st period - Shot by Yanni Gourde.
1:21 of 1st period - Stopped by Carter Hutton without a rebound.
1:22 of 1st period - Jonathan Toews wins face-off versus Kevin Rooney in LOS ANGELES SEALS zone.
1:23 of 1st period - Shot by Gabriel Landeskog.
1:23 of 1st period - Shot Misses the Net.
1:26 of 1st period - Icing by Ryan Murray.
1:27 of 1st period - Chandler Stephenson wins face-off versus Kevin Rooney in LOS ANGELES SEALS zone.
1:30 of 1st period - Shot by Yanni Gourde.
1:30 of 1st period - Shot Misses the Net.
1:32 of 1st period - Shot by Chandler Stephenson.
1:32 of 1st period - Shot Blocked by Kevin Rooney.
2:15 of 1st period - Icing by Brian Dumoulin.
2:16 of 1st period - Zack Smith wins face-off versus Chandler Stephenson in PORTLAND PIRATES zone.
2:17 of 1st period - Shot by Adam Gaudette.
2:17 of 1st period - Shot Misses the Net.
3:01 of 1st period - Shot by Brett Connolly.
3:01 of 1st period - Stopped by Carter Hutton without a rebound.
3:02 of 1st period - Jonathan Toews wins face-off versus Max Domi in LOS ANGELES SEALS zone.
3:44 of 1st period - Adam Lowry is hit by Gabriel Landeskog and loses puck.
4:28 of 1st period - Shot by Marcus Johansson.
4:28 of 1st period - Stopped by Chris Driedger with a rebound.
4:31 of 1st period - Icing by Alec Martinez.
4:32 of 1st period - Adam Gaudette wins face-off versus Pavel Zacha in PORTLAND PIRATES zone.
4:35 of 1st period - Shot by Adam Gaudette.
4:35 of 1st period - Deflect By Patrick Maroon.
4:35 of 1st period - Stopped by Chris Driedger without a rebound.
4:36 of 1st period - Jeff Carter wins face-off versus Jason Dickinson in PORTLAND PIRATES zone.
4:41 of 1st period - Shot by Marcus Johansson.
4:41 of 1st period - Shot Misses the Net.
4:43 of 1st period - Shot by Marcus Johansson.
4:43 of 1st period - Stopped by Chris Driedger without a rebound.
4:44 of 1st period - Chandler Stephenson wins face-off versus Bo Horvat in PORTLAND PIRATES zone.
5:07 of 1st period - Shot by Marcus Johansson.
5:07 of 1st period - Shot Misses the Net.
5:14 of 1st period - Icing by Ryan Donato.
5:15 of 1st period - Chandler Stephenson wins face-off versus Zack Smith in PORTLAND PIRATES zone.
5:15 of 1st period - Rasmus Ristolainen is hit by Patrick Maroon and loses puck.
5:26 of 1st period - Chandler Stephenson is hit by Jonathan Ericsson and loses puck.
5:29 of 1st period - Shot by Yanni Gourde.
5:29 of 1st period - Stopped by Carter Hutton without a rebound.
5:30 of 1st period - Max Domi wins face-off versus Jonathan Toews in LOS ANGELES SEALS zone.
5:58 of 1st period - Shot by Max Domi.
5:58 of 1st period - Stopped by Chris Driedger with a rebound.
6:02 of 1st period - Shot by Adam Lowry.
6:02 of 1st period - Stopped by Chris Driedger without a rebound.
6:03 of 1st period - Bo Horvat wins face-off versus Pavel Zacha in PORTLAND PIRATES zone.
8:02 of 1st period - Shot by Adam Lowry.
8:02 of 1st period - Deflect By Max Domi.
8:02 of 1st period - Goal by Max Domi - PORTLAND PIRATES : 0 - LOS ANGELES SEALS : 1.
8:03 of 1st period - Pavel Zacha wins face-off versus Kevin Rooney in neutral zone.
8:31 of 1st period - Shot by Austin Watson.
8:31 of 1st period - Stopped by Chris Driedger without a rebound.
8:32 of 1st period - Bo Horvat wins face-off versus Jonathan Toews in PORTLAND PIRATES zone.
8:39 of 1st period - Shot by Jeff Carter.
8:39 of 1st period - Stopped by Chris Driedger without a rebound.
8:40 of 1st period - Bo Horvat wins face-off versus Chandler Stephenson in PORTLAND PIRATES zone.
9:20 of 1st period - Icing by Bo Horvat.
9:21 of 1st period - Jonathan Toews wins face-off versus Bo Horvat in LOS ANGELES SEALS zone.
9:49 of 1st period - Shot by Gabriel Landeskog.
9:49 of 1st period - Shot Blocked by Marcus Pettersson.
10:29 of 1st period - Max Domi is hit by Rickard Rakell and loses puck.
12:38 of 1st period - Shot by Gabriel Landeskog.
12:38 of 1st period - Deflect By Jonathan Toews.
12:38 of 1st period - Stopped by Carter Hutton with a rebound.
12:40 of 1st period - Shot by Brett Pesce.
12:40 of 1st period - Deflect By Gabriel Landeskog.
12:40 of 1st period - Shot Misses the Net.
13:58 of 1st period - Shot by Pavel Zacha.
13:58 of 1st period - Shot Misses the Net.
14:15 of 1st period - Shot by Adam Lowry.
14:15 of 1st period - Stopped by Chris Driedger without a rebound.
14:16 of 1st period - Bo Horvat wins face-off versus Jonathan Toews in PORTLAND PIRATES zone.
14:55 of 1st period - Shot by Robert Thomas.
14:55 of 1st period - Deflect By Gabriel Landeskog.
14:55 of 1st period - Stopped by Carter Hutton without a rebound.
14:56 of 1st period - Kevin Rooney wins face-off versus Ryan Donato in LOS ANGELES SEALS zone.
14:56 of 1st period - Emil Bemstrom is hit by Yanni Gourde and loses puck.
15:24 of 1st period - Kevin Rooney is hit by Alec Martinez and loses puck.
15:44 of 1st period - Tyler Johnson is hit by Thomas Chabot and loses puck.
15:49 of 1st period - Shot by Max Domi.
15:49 of 1st period - Shot Blocked by Thomas Chabot.
15:51 of 1st period - Shot by Adam Lowry.
15:51 of 1st period - Shot Misses the Net.
15:53 of 1st period - Shot by Ryan Murray.
15:53 of 1st period - Shot Misses the Net.
15:55 of 1st period - Shot by Adam Lowry.
15:55 of 1st period - Shot Blocked by Alec Martinez.
16:05 of 1st period - Shot by Max Domi.
16:05 of 1st period - Shot Misses the Net.
16:33 of 1st period - Off-side.
16:34 of 1st period - Jeff Carter wins face-off versus Jonathan Toews in neutral zone.
16:47 of 1st period - Shot by Jonathan Toews.
16:47 of 1st period - Shot Misses the Net.
17:09 of 1st period - Shot by Gabriel Landeskog.
17:09 of 1st period - Deflect By Jonathan Toews.
17:09 of 1st period - Stopped by Carter Hutton without a rebound.
17:10 of 1st period - Kevin Rooney wins face-off versus Pavel Zacha in LOS ANGELES SEALS zone.
17:51 of 1st period - Shot by Brett Connolly.
17:51 of 1st period - Stopped by Carter Hutton with a rebound.
17:53 of 1st period - Shot by Brett Connolly.
17:53 of 1st period - Deflect By Rickard Rakell.
17:53 of 1st period - Shot Blocked by Jonathan Ericsson.
18:26 of 1st period - Minor Penalty to Rasmus Ristolainen for Hooking.
18:27 of 1st period - Jason Dickinson wins face-off versus Zack Smith in PORTLAND PIRATES zone.
19:18 of 1st period - Shot by Max Domi.
19:18 of 1st period - Stopped by Chris Driedger without a rebound.
19:19 of 1st period - Rickard Rakell wins face-off versus Max Domi in PORTLAND PIRATES zone.
19:25 of 1st period - Tyler Johnson is hit by Adam Erne and loses puck.
19:48 of 1st period - Shot by Max Domi.
19:48 of 1st period - Shot Blocked by Trevor Daley.
Goals for this period are 0 for PORTLAND PIRATES vs 1 for LOS ANGELES SEALS.
Shots for this period are 7 for PORTLAND PIRATES vs 13 for LOS ANGELES SEALS.

2nd period


0:01 of 2nd period - Jason Dickinson wins face-off versus Patrick Maroon in neutral zone.
0:14 of 2nd period - Shot by Bo Horvat.
0:14 of 2nd period - Goal by Bo Horvat - PORTLAND PIRATES : 0 - LOS ANGELES SEALS : 2.
0:15 of 2nd period - Max Domi wins face-off versus Rickard Rakell in neutral zone.
0:28 of 2nd period - Shot by Tyler Johnson.
0:28 of 2nd period - Stopped by Chris Driedger with a rebound.
0:30 of 2nd period - Shot by Adam Boqvist.
0:30 of 2nd period - Shot Blocked by Thomas Chabot.
0:32 of 2nd period - Shot by Shayne Gostisbehere.
0:32 of 2nd period - Deflect By Max Domi.
0:32 of 2nd period - Goal by Max Domi - PORTLAND PIRATES : 0 - LOS ANGELES SEALS : 3.
0:33 of 2nd period - Bo Horvat wins face-off versus Chandler Stephenson in neutral zone.
0:36 of 2nd period - Shot by Marcus Johansson.
0:36 of 2nd period - Stopped by Chris Driedger with a rebound.
0:39 of 2nd period - Icing by Chandler Stephenson.
0:40 of 2nd period - Max Domi wins face-off versus Chandler Stephenson in PORTLAND PIRATES zone.
0:54 of 2nd period - Minor Penalty to Adam Lowry for Hooking.
0:55 of 2nd period - Jonathan Toews wins face-off versus Tyler Johnson in LOS ANGELES SEALS zone.
1:19 of 2nd period - Off-side.
1:20 of 2nd period - Pavel Zacha wins face-off versus Tyler Johnson in neutral zone.
1:33 of 2nd period - Shot by Rickard Rakell.
1:33 of 2nd period - Stopped by Carter Hutton without a rebound.
1:34 of 2nd period - Jonathan Toews wins face-off versus Patrick Maroon in LOS ANGELES SEALS zone.
1:35 of 2nd period - Shot by Gabriel Landeskog.
1:35 of 2nd period - Shot Misses the Net.
1:37 of 2nd period - Shot by Gabriel Landeskog.
1:37 of 2nd period - Stopped by Carter Hutton without a rebound.
1:38 of 2nd period - Gabriel Landeskog wins face-off versus Tyler Johnson in LOS ANGELES SEALS zone.
2:11 of 2nd period - Shot by Gabriel Landeskog.
2:11 of 2nd period - Shot Misses the Net.
2:13 of 2nd period - Shot by Gabriel Landeskog.
2:13 of 2nd period - Shot Misses the Net.
2:15 of 2nd period - Shot by Brett Connolly.
2:15 of 2nd period - Shot Blocked by Marcus Pettersson.
2:17 of 2nd period - Shot by Jonathan Toews.
2:17 of 2nd period - Shot Blocked by Ryan Murray.
2:19 of 2nd period - Shot by Jonathan Toews.
2:19 of 2nd period - Stopped by Carter Hutton without a rebound.
2:20 of 2nd period - Pavel Zacha wins face-off versus Patrick Maroon in LOS ANGELES SEALS zone.
3:07 of 2nd period - Shot by Jonathan Toews.
3:07 of 2nd period - Shot Blocked by Marcus Pettersson.
3:15 of 2nd period - Shot by Gabriel Landeskog.
3:15 of 2nd period - Shot Misses the Net.
3:23 of 2nd period - Shot by Jonathan Toews.
3:23 of 2nd period - Goal by Jonathan Toews - PORTLAND PIRATES : 1 - LOS ANGELES SEALS : 3.
3:24 of 2nd period - Kevin Rooney wins face-off versus Pavel Zacha in neutral zone.
4:06 of 2nd period - Off-side.
4:07 of 2nd period - Chandler Stephenson wins face-off versus Tyler Johnson in neutral zone.
4:16 of 2nd period - Icing by Jonathan Ericsson.
4:17 of 2nd period - Jonathan Toews wins face-off versus Max Domi in LOS ANGELES SEALS zone.
4:50 of 2nd period - Shot by Gabriel Landeskog.
4:50 of 2nd period - Stopped by Carter Hutton with a rebound.
5:44 of 2nd period - Off-side.
5:45 of 2nd period - Patrick Maroon wins face-off versus Pavel Zacha in neutral zone.
5:52 of 2nd period - Shot by Patrick Maroon.
5:52 of 2nd period - Stopped by Chris Driedger without a rebound.
5:53 of 2nd period - Pavel Zacha wins face-off versus Zack Smith in PORTLAND PIRATES zone.
6:07 of 2nd period - Shot by Rickard Rakell.
6:07 of 2nd period - Shot Misses the Net.
6:09 of 2nd period - Shot by Rickard Rakell.
6:09 of 2nd period - Shot Misses the Net.
6:11 of 2nd period - Shot by Rickard Rakell.
6:11 of 2nd period - Shot Misses the Net.
6:25 of 2nd period - Shot by Rickard Rakell.
6:25 of 2nd period - Shot Misses the Net.
6:27 of 2nd period - Shot by Rickard Rakell.
6:27 of 2nd period - Shot Misses the Net.
6:29 of 2nd period - Shot by Brian Dumoulin.
6:29 of 2nd period - Stopped by Carter Hutton with a rebound.
6:53 of 2nd period - Shot by Jonathan Toews.
6:53 of 2nd period - Stopped by Carter Hutton with a rebound.
8:54 of 2nd period - Shot by Brett Connolly.
8:54 of 2nd period - Deflect By Rickard Rakell.
8:54 of 2nd period - Shot Misses the Net.
8:56 of 2nd period - Shot by Brett Connolly.
8:56 of 2nd period - Shot Misses the Net.
9:10 of 2nd period - Shot by Brett Connolly.
9:10 of 2nd period - Goal by Brett Connolly - PORTLAND PIRATES : 2 - LOS ANGELES SEALS : 3.
9:11 of 2nd period - Jason Dickinson wins face-off versus Bo Horvat in neutral zone.
10:18 of 2nd period - Shot by Adam Gaudette.
10:18 of 2nd period - Shot Blocked by Brett Pesce.
10:47 of 2nd period - Shot by Gabriel Landeskog.
10:47 of 2nd period - Shot Blocked by Zack Smith.
11:03 of 2nd period - Shot by Rickard Rakell.
11:03 of 2nd period - Shot Misses the Net.
11:07 of 2nd period - Shot by Rickard Rakell.
11:07 of 2nd period - Stopped by Carter Hutton without a rebound.
11:08 of 2nd period - Pavel Zacha wins face-off versus Max Domi in LOS ANGELES SEALS zone.
12:33 of 2nd period - Shot by Bo Horvat.
12:33 of 2nd period - Shot Misses the Net.
12:46 of 2nd period - Icing by Brian Dumoulin.
12:47 of 2nd period - Emil Bemstrom wins face-off versus Pavel Zacha in PORTLAND PIRATES zone.
12:54 of 2nd period - Shot by Kevin Rooney.
12:54 of 2nd period - Shot Misses the Net.
13:05 of 2nd period - Icing by Adam Boqvist.
13:06 of 2nd period - Kevin Rooney wins face-off versus Ryan Donato in LOS ANGELES SEALS zone.
13:06 of 2nd period - Kevin Rooney is hit by Ryan Donato.
13:17 of 2nd period - Shot by Rasmus Ristolainen.
13:17 of 2nd period - Deflect By Chandler Stephenson.
13:17 of 2nd period - Stopped by Carter Hutton without a rebound.
13:18 of 2nd period - Jonathan Toews wins face-off versus Max Domi in LOS ANGELES SEALS zone.
13:19 of 2nd period - Shot by Robert Thomas.
13:19 of 2nd period - Stopped by Carter Hutton without a rebound.
13:20 of 2nd period - Bo Horvat wins face-off versus Chandler Stephenson in LOS ANGELES SEALS zone.
13:39 of 2nd period - Bo Horvat is hit by Yanni Gourde and loses puck.
13:40 of 2nd period - Bo Horvat from LOS ANGELES SEALS is injured at 13:40 of 2nd period (Abdominal Strain).
13:41 of 2nd period - Jonathan Toews wins face-off versus Max Domi in LOS ANGELES SEALS zone.
14:16 of 2nd period - Robert Thomas is hit by Nate Prosser and loses puck.
14:23 of 2nd period - Shot by Gabriel Landeskog.
14:23 of 2nd period - Shot Misses the Net.
14:47 of 2nd period - Shot by Yanni Gourde.
14:47 of 2nd period - Shot Blocked by Max Domi.
14:49 of 2nd period - Shot by Chandler Stephenson.
14:49 of 2nd period - Shot Misses the Net.
14:50 of 2nd period - Minor Penalty to Nate Prosser for Roughing.
14:51 of 2nd period - Pavel Zacha wins face-off versus Adam Gaudette in LOS ANGELES SEALS zone.
15:16 of 2nd period - Shot by Brett Connolly.
15:16 of 2nd period - Stopped by Carter Hutton without a rebound.
15:17 of 2nd period - Jonathan Toews wins face-off versus Patrick Maroon in LOS ANGELES SEALS zone.
15:40 of 2nd period - Shot by Gabriel Landeskog.
15:40 of 2nd period - Deflect By Robert Thomas.
15:40 of 2nd period - Stopped by Carter Hutton without a rebound.
15:41 of 2nd period - Yanni Gourde wins face-off versus Patrick Maroon in LOS ANGELES SEALS zone.
16:10 of 2nd period - Shot by Pavel Zacha.
16:10 of 2nd period - Stopped by Carter Hutton without a rebound.
16:11 of 2nd period - Jonathan Toews wins face-off versus Tyler Johnson in LOS ANGELES SEALS zone.
16:34 of 2nd period - Shot by Gabriel Landeskog.
16:34 of 2nd period - Shot Blocked by Shayne Gostisbehere.
16:44 of 2nd period - Shot by Robert Thomas.
16:44 of 2nd period - Stopped by Carter Hutton without a rebound.
16:45 of 2nd period - Patrick Maroon wins face-off versus Pavel Zacha in LOS ANGELES SEALS zone.
16:45 of 2nd period - Patrick Maroon is hit by Yanni Gourde.
17:48 of 2nd period - Shot by Pavel Zacha.
17:48 of 2nd period - Stopped by Carter Hutton with a rebound.
17:58 of 2nd period - Shot by Austin Watson.
17:58 of 2nd period - Shot Misses the Net.
18:00 of 2nd period - Shot by Kevin Rooney.
18:00 of 2nd period - Stopped by Chris Driedger without a rebound.
18:01 of 2nd period - Adam Lowry wins face-off versus Jonathan Toews in PORTLAND PIRATES zone.
18:02 of 2nd period - Shot by Max Domi.
18:02 of 2nd period - Deflect By Tyler Johnson.
18:02 of 2nd period - Stopped by Chris Driedger with a rebound.
18:40 of 2nd period - Shot by Gabriel Landeskog.
18:40 of 2nd period - Shot Misses the Net.
18:48 of 2nd period - Shot by Gabriel Landeskog.
18:48 of 2nd period - Shot Misses the Net.
19:26 of 2nd period - Shot by Rickard Rakell.
19:26 of 2nd period - Shot Misses the Net.
19:28 of 2nd period - Shot by Pavel Zacha.
19:28 of 2nd period - Stopped by Carter Hutton without a rebound.
19:29 of 2nd period - Chandler Stephenson wins face-off versus Jeff Carter in LOS ANGELES SEALS zone.
Goals for this period are 2 for PORTLAND PIRATES vs 2 for LOS ANGELES SEALS.
Shots for this period are 17 for PORTLAND PIRATES vs 7 for LOS ANGELES SEALS.

3rd period


0:01 of 3rd period - Jeff Carter wins face-off versus Chandler Stephenson in neutral zone.
0:05 of 3rd period - Minor Penalty to Patrick Maroon for Hooking.
0:06 of 3rd period - Tyler Johnson wins face-off versus Jonathan Toews in LOS ANGELES SEALS zone.
0:47 of 3rd period - Shot by Gabriel Landeskog.
0:47 of 3rd period - Stopped by Carter Hutton without a rebound.
0:48 of 3rd period - Pavel Zacha wins face-off versus Adam Gaudette in LOS ANGELES SEALS zone.
1:01 of 3rd period - Shot by Yanni Gourde.
1:01 of 3rd period - Stopped by Carter Hutton without a rebound.
1:02 of 3rd period - Pavel Zacha wins face-off versus Tyler Johnson in LOS ANGELES SEALS zone.
1:03 of 3rd period - Shot by Rickard Rakell.
1:03 of 3rd period - Shot Misses the Net.
1:09 of 3rd period - Shot by Rasmus Ristolainen.
1:09 of 3rd period - Shot Hit the Post.
1:11 of 3rd period - Shot by Pavel Zacha.
1:11 of 3rd period - Shot Misses the Net.
1:13 of 3rd period - Shot by Pavel Zacha.
1:13 of 3rd period - Shot Blocked by Shayne Gostisbehere.
1:30 of 3rd period - Pavel Zacha is hit by Shayne Gostisbehere and loses puck.
1:48 of 3rd period - Off-side.
1:49 of 3rd period - Jonathan Toews wins face-off versus Adam Gaudette in neutral zone.
2:19 of 3rd period - Shot by Brian Dumoulin.
2:19 of 3rd period - Shot Misses the Net.
2:35 of 3rd period - Shot by Brian Dumoulin.
2:35 of 3rd period - Shot Misses the Net.
2:56 of 3rd period - Icing by Gabriel Landeskog.
2:57 of 3rd period - Jonathan Toews wins face-off versus Kevin Rooney in PORTLAND PIRATES zone.
3:18 of 3rd period - Shot by Gabriel Landeskog.
3:18 of 3rd period - Goal by Gabriel Landeskog - PORTLAND PIRATES : 3 - LOS ANGELES SEALS : 3.
3:19 of 3rd period - Max Domi wins face-off versus Pavel Zacha in neutral zone.
3:21 of 3rd period - Minor Penalty to Rasmus Ristolainen for Holding.
3:22 of 3rd period - Jason Dickinson wins face-off versus Max Domi in PORTLAND PIRATES zone.
3:22 of 3rd period - Alec Martinez is hit by Max Domi and loses puck.
3:27 of 3rd period - Shot by Max Domi.
3:27 of 3rd period - Shot Blocked by Alec Martinez.
3:37 of 3rd period - Shot by Max Domi.
3:37 of 3rd period - Stopped by Chris Driedger without a rebound.
3:38 of 3rd period - Patrick Maroon wins face-off versus Jason Dickinson in PORTLAND PIRATES zone.
4:03 of 3rd period - Shot by Ryan Murray.
4:03 of 3rd period - Stopped by Chris Driedger without a rebound.
4:04 of 3rd period - Jason Dickinson wins face-off versus Max Domi in PORTLAND PIRATES zone.
5:20 of 3rd period - Shot by Marcus Johansson.
5:20 of 3rd period - Stopped by Chris Driedger with a rebound.
5:22 of 3rd period - Shot by Kevin Rooney.
5:22 of 3rd period - Stopped by Chris Driedger without a rebound.
5:23 of 3rd period - Jonathan Toews wins face-off versus Kevin Rooney in PORTLAND PIRATES zone.
5:23 of 3rd period - Jonathan Toews is hit by Austin Watson.
5:54 of 3rd period - Shot by Jonathan Toews.
5:54 of 3rd period - Stopped by Carter Hutton without a rebound.
5:55 of 3rd period - Pavel Zacha wins face-off versus Zack Smith in LOS ANGELES SEALS zone.
5:55 of 3rd period - Pavel Zacha is hit by Adam Boqvist.
6:51 of 3rd period - Icing by Shayne Gostisbehere.
6:52 of 3rd period - Yanni Gourde wins face-off versus Zack Smith in LOS ANGELES SEALS zone.
6:58 of 3rd period - Minor Penalty to Shayne Gostisbehere for Boarding.
6:59 of 3rd period - Jonathan Toews wins face-off versus Tyler Johnson in LOS ANGELES SEALS zone.
7:04 of 3rd period - Shot by Gabriel Landeskog.
7:04 of 3rd period - Shot Misses the Net.
7:54 of 3rd period - Shot by Rickard Rakell.
7:54 of 3rd period - Stopped by Carter Hutton without a rebound.
7:55 of 3rd period - Pavel Zacha wins face-off versus Patrick Maroon in LOS ANGELES SEALS zone.
7:56 of 3rd period - Shot by Brett Connolly.
7:56 of 3rd period - Stopped by Carter Hutton without a rebound.
7:57 of 3rd period - Tyler Johnson wins face-off versus Pavel Zacha in LOS ANGELES SEALS zone.
9:46 of 3rd period - Shot by Gabriel Landeskog.
9:46 of 3rd period - Goal by Gabriel Landeskog - PORTLAND PIRATES : 4 - LOS ANGELES SEALS : 3.
9:47 of 3rd period - Kevin Rooney wins face-off versus Jonathan Toews in neutral zone.
9:50 of 3rd period - Shot by Kevin Rooney.
9:50 of 3rd period - Shot Blocked by Thomas Chabot.
10:51 of 3rd period - Rickard Rakell is hit by Nate Prosser.
11:47 of 3rd period - Yanni Gourde is hit by Nate Prosser.
11:53 of 3rd period - Shot by Chandler Stephenson.
11:53 of 3rd period - Stopped by Carter Hutton with a rebound.
11:59 of 3rd period - Shot by Ryan Donato.
11:59 of 3rd period - Stopped by Carter Hutton without a rebound.
12:00 of 3rd period - Patrick Maroon wins face-off versus Robert Thomas in LOS ANGELES SEALS zone.
12:23 of 3rd period - Shot by Jonathan Toews.
12:23 of 3rd period - Stopped by Carter Hutton without a rebound.
12:24 of 3rd period - Chandler Stephenson wins face-off versus Adam Lowry in LOS ANGELES SEALS zone.
12:39 of 3rd period - Shot by Adam Lowry.
12:39 of 3rd period - Shot Blocked by Brian Dumoulin.
12:41 of 3rd period - Shot by Adam Lowry.
12:41 of 3rd period - Stopped by Chris Driedger with a rebound.
14:09 of 3rd period - Shot by Gabriel Landeskog.
14:09 of 3rd period - Deflect By Jonathan Toews.
14:09 of 3rd period - Shot Blocked by Marcus Pettersson.
14:32 of 3rd period - Shot by Rickard Rakell.
14:32 of 3rd period - Stopped by Carter Hutton without a rebound.
14:33 of 3rd period - Pavel Zacha wins face-off versus Zack Smith in LOS ANGELES SEALS zone.
14:46 of 3rd period - Shot by Adam Gaudette.
14:46 of 3rd period - Shot Blocked by Rasmus Ristolainen.
14:54 of 3rd period - Shot by Rickard Rakell.
14:54 of 3rd period - Shot Blocked by Marcus Pettersson.
14:56 of 3rd period - Shot by Brett Connolly.
14:56 of 3rd period - Stopped by Carter Hutton without a rebound.
14:57 of 3rd period - Jonathan Toews wins face-off versus Zack Smith in LOS ANGELES SEALS zone.
15:06 of 3rd period - Shot by Gabriel Landeskog.
15:06 of 3rd period - Shot Misses the Net.
15:08 of 3rd period - Shot by Brian Dumoulin.
15:08 of 3rd period - Shot Misses the Net.
15:10 of 3rd period - Shot by Jonathan Toews.
15:10 of 3rd period - Shot Misses the Net.
15:12 of 3rd period - Shot by Gabriel Landeskog.
15:12 of 3rd period - Stopped by Carter Hutton without a rebound.
15:13 of 3rd period - Pavel Zacha wins face-off versus Max Domi in LOS ANGELES SEALS zone.
15:24 of 3rd period - Shot by Rickard Rakell.
15:24 of 3rd period - Stopped by Carter Hutton with a rebound.
15:26 of 3rd period - Shot by Brett Connolly.
15:26 of 3rd period - Shot Blocked by Jonathan Ericsson.
15:28 of 3rd period - Shot by Rickard Rakell.
15:28 of 3rd period - Stopped by Carter Hutton without a rebound.
15:29 of 3rd period - Kevin Rooney wins face-off versus Chandler Stephenson in LOS ANGELES SEALS zone.
17:01 of 3rd period - Off-side.
17:02 of 3rd period - Patrick Maroon wins face-off versus Pavel Zacha in neutral zone.
17:28 of 3rd period - Jeff Carter is hit by Rickard Rakell.
17:58 of 3rd period - Shot by Max Domi.
17:58 of 3rd period - Stopped by Chris Driedger with a rebound.
18:27 of 3rd period - Thomas Chabot is hit by Adam Boqvist and loses puck.
18:34 of 3rd period - Shot by Chandler Stephenson.
18:34 of 3rd period - Stopped by Carter Hutton without a rebound.
18:35 of 3rd period - Jonathan Toews wins face-off versus Kevin Rooney in LOS ANGELES SEALS zone.
18:35 of 3rd period - Jonathan Toews is hit by Ryan Murray.
18:40 of 3rd period - Gabriel Landeskog is hit by Marcus Pettersson and loses puck.
18:44 of 3rd period - Icing by Austin Watson.
18:45 of 3rd period - Chandler Stephenson wins face-off versus Kevin Rooney in LOS ANGELES SEALS zone.
18:59 of 3rd period - Minor Penalty to Marcus Pettersson for Cross-checking.
19:00 of 3rd period - Tyler Johnson wins face-off versus Jonathan Toews in LOS ANGELES SEALS zone.
19:21 of 3rd period - Shot by Gabriel Landeskog.
19:21 of 3rd period - Shot Misses the Net.
Goals for this period are 2 for PORTLAND PIRATES vs 0 for LOS ANGELES SEALS.
Shots for this period are 16 for PORTLAND PIRATES vs 6 for LOS ANGELES SEALS.


RYAN
NUGENT-HOPKINS
THATCHER
DEMKO
MITCHELL
MARNER

EAST COAST

HOCKEY LEAGUE

  • 13.MAN3PIT5
  • 14.NHW2ATL3
  • 15.PET5WOR4
  • 16.RHI30
  • 17.QUECHI
  • 18.CHALIM
  • 19.TRVLON
  • 20.CHWBAL